 Dungeon Crawl Stone Soup version 0.16.0-11-gd45b091 (webtiles) character file.

338 Germz the Skirmisher (level 6, -9/51 HPs)
             Began as a Formicid Fighter on Mar 17, 2015.
             Mangled by Prince Ribbit (12 damage)
             ... on level 4 of the Dungeon.
             The game lasted 00:12:37 (2562 turns).

Germz the Skirmisher (Formicid Fighter)             Turns: 2562, Time: 00:12:37

Health: -9/51      AC:  8    Str: 22    XL:     6   Next: 86%
Magic:  8/8        EV:  8    Int:  8    God:
Gold:   228        SH: 10    Dex: 10    Spells: 0 memorised, 5 levels left

rFire  . . .     SeeInvis +     a - +0 trident
rCold  + . .     Clarity  .     b - +0 scale mail
rNeg   . . .     SustAb   .     c - +0 shield
rPois  +         Gourm    .     (helmet unavailable)
rElec  .         Spirit   .     (no cloak)
rCorr  .         Warding  .     (no gloves)
rMut   .         Stasis   +     l - +0 pair of boots
MR     .....                    (no amulet)
Stlth  ..........               h - ring of protection from cold
                                u - ring of poison resistance

@: not resistant to hostile enchantments, extremely unstealthy
A: permanent stasis, dig shafts and tunnels, four strong arms, antennae 3
a: Dig, Shaft Self


You were on level 4 of the Dungeon.
You were hungry.

You visited 1 branch of the dungeon, and saw 4 of its levels.

You collected 228 gold pieces.

Inventory:

Hand weapons
 a - a +0 trident (weapon)
Missiles
 m - 2 tomahawks
 C - a tomahawk of returning (quivered)
Armour
 b - a +0 scale mail (worn)
 c - a +0 shield (worn)
 l - a +0 pair of boots (worn)
 B - a +2 shield
Jewellery
 h - a ring of protection from cold (right hand)
 k - an uncursed amulet of rage
 n - an uncursed amulet of rage
 q - an uncursed amulet of faith {unknown}
 u - a ring of poison resistance (left hand)
 y - an uncursed ring of wizardry {unknown}
 D - an uncursed ring of wizardry {unknown}
 H - an uncursed ring of stealth {unknown}
Scrolls
 f - 4 scrolls of remove curse
 g - a scroll of fear {unknown}
 i - 4 scrolls of fog {unknown}
 j - 2 scrolls of teleportation {unknown}
 t - a scroll of magic mapping {unknown}
 E - a scroll of noise {unknown}
 F - a scroll of recharging {unknown}
 G - a scroll of immolation {unknown}
Potions
 e - a potion of beneficial mutation {unknown}
 o - a potion of flight {unknown}
 v - 2 potions of curing
 w - a potion of degeneration {unknown}
 x - a potion of restore abilities
 z - a potion of resistance {unknown}
Comestibles
 d - 3 bread rations
 s - 2 meat rations
 A - a beef jerky


   Skills:
 * Level 5.3 Fighting
 * Level 3.6 Polearms
 + Level 4.3 Armour
 - Level 1.0 Dodging
 + Level 5.0 Shields


You had 5 spell levels left.
You didn't know any spells.

Dungeon Overview and Level Annotations

Branches:
Dungeon (4/15)
 Temple: D:4-7

Altars:
Nemelex Xobeh

Annotations:
D:4 Prince Ribbit


Innate Abilities, Weirdness & Mutations

You are under a permanent stasis effect.
You can dig through walls and to a lower floor.
Your four strong arms can wield two-handed weapons with a shield.
You have a pair of large antennae on your head (SInv).


Message History

You are too injured to fight recklessly!
You are too injured to fight recklessly!
You are too injured to fight recklessly!
You are too injured to fight recklessly!
You are too injured to fight recklessly!
You are too injured to fight recklessly!
You are too injured to fight recklessly!
You are too injured to fight recklessly!
You completely miss Prince Ribbit.
Prince Ribbit is heavily wounded.
You block Prince Ribbit's attack.
Prince Ribbit momentarily phases out as your attack passes through him.
Prince Ribbit is heavily wounded.
Prince Ribbit hits you but does no damage.
Prince Ribbit hits you!
* * * LOW HITPOINT WARNING * * *
You miss Prince Ribbit.
Prince Ribbit is heavily wounded.
Prince Ribbit hits you!
You die...

#..#........(..+ {
+..+...........#
####...........#
.......#+##....#
.......# +....# .(.....+
#...[#
..((...##+#....#########
###+##............[....#
.....#.........F@......#
.....+.................#
####+#.................#
###..###'##........#####
.....'....').......#
.....#....#........#
+##..###+##.....)..#####
.###+###..#............#
..'.......#............#


You could see Prince Ribbit.

Vanquished Creatures
  Sigmund (D:2)
  2 worker ants (D:4)
  An orc wizard (D:4)
  Robin (D:2)
  4 adders
  3 giant mites
  5 worms
  4 oozes
  7 orcs
  2 ball pythons
  3 giant cockroaches
  7 hobgoblins
  3 jackals (D:3)
  3 quokkas
  10 bats
  3 giant geckos
  5 giant newts
  12 goblins
  6 kobolds
  5 rats
87 creatures vanquished.

Notes
Turn   | Place    | Note
--------------------------------------------------------------
     0 | D:1      | Germz, the Formicid Fighter, began the quest for the Orb.
     0 | D:1      | Reached XP level 1. HP: 18/18 MP: 1/1
   120 | D:1      | Reached XP level 2. HP: 22/24 MP: 3/3
   141 | D:1      | Reached skill level 4 in Shields
   327 | D:1      | Reached XP level 3. HP: 30/30 MP: 4/4
   527 | D:2      | Noticed Sigmund
   683 | D:2      | Reached XP level 4. HP: 37/37 MP: 5/5
   731 | D:2      | Reached skill level 1 in Dodging
   904 | D:2      | Killed Sigmund
   904 | D:2      | Reached XP level 5. HP: 7/43 MP: 7/7
  1181 | D:2      | Noticed Robin
  1189 | D:2      | Killed Robin
  1197 | D:2      | Reached XP level 6. HP: 37/49 MP: 8/8
  1988 | D:4      | Reached skill level 5 in Fighting
  2187 | D:4      | Found a sparkling altar of Nemelex Xobeh.
  2271 | D:4      | Reached skill level 5 in Shields
  2467 | D:4      | Noticed Prince Ribbit
  2562 | D:4      | Mangled by Prince Ribbit

Action                   |  1- 3 |  4- 6 || total
-------------------------+-------+-------++-------
Melee: Trident           |    76 |   239 ||   315
Throw: Tomahawk          |     4 |     7 ||    11
  Use: Potion            |       |     8 ||     8
       Scroll            |       |     4 ||     4
  Eat: Chunk             |       |     5 ||     5
